 Dungeon Crawl Stone Soup version 0.26-a0-712-ga5a9c9c9d0 (webtiles) character file.

Game seed: 11663026538427024492

401 Azzok the Skirmisher (level 6, -1/52 HPs)
             Began as a Demonspawn Fighter on Nov 4, 2020.
             Slain by Menkaure (11 damage)
             ... on level 4 of the Dungeon.
             The game lasted 00:04:42 (3259 turns).

Azzok the Skirmisher (Demonspawn Fighter)           Turns: 3259, Time: 00:04:43

Health: -1/52      AC: 10    Str: 19    XL:     6   Next: 54%
Magic:  6/6        EV:  5    Int:  9    God:
Gold:   92         SH: 10    Dex: 12    Spells: 5/5 levels left

rFire    . . .     SeeInvis .   i - +2 whip (venom)
rCold    . . .     Faith    .   c - +0 kite shield
rNeg     . . .     Spirit   .   v - +0 chain mail
rPois    .         Reflect  .   (no helmet)
rElec    .         Harm     .   t - +0 cloak
rCorr    .         Rampage  .   (no gloves)
MR       .....                  (no boots)
Stlth    ..........             j - amulet of regeneration
HPRegen  0.57/turn              g - ring of flight
MPRegen  0.10/turn              p - ring of attention (curse)

@: mighty
A: foul stench 1, powered by pain 1, rot immunity
a: Evoke Flight


You were on level 4 of the Dungeon.
You visited 1 branch of the dungeon, and saw 4 of its levels.

You collected 92 gold pieces.

Inventory:

Hand Weapons
 a - a +0 war axe
 i - a +2 whip of venom (weapon)
Missiles
 k - 3 throwing nets (quivered)
Armour
 c - a +0 kite shield (worn)
 t - a +0 cloak (worn)
 v - a +0 chain mail (worn)
Jewellery
 g - a ring of flight (left hand)
 j - an amulet of regeneration (around neck)
 p - a cursed ring of attention (right hand)
 s - an uncursed ring of positive energy {unknown}
Scrolls
 e - 2 scrolls of identify
 h - a scroll of enchant armour
 l - 2 scrolls of immolation
 n - 3 scrolls of amnesia
 o - 2 scrolls of teleportation
Potions
 d - a potion of might
 f - a potion of curing
 m - a potion of flight
 q - a potion of haste {unknown}
 r - 2 potions of lignification
 u - 2 potions of heal wounds {unknown}


   Skills:
 + Level 5.6 Fighting
 - Level 1.7 Axes
 - Level 2.6 Armour
 + Level 5.1 Shields


You had 5 spell levels left.
You didn't know any spells.
Your spell library was empty.

Dungeon Overview and Level Annotations

Branches:
Dungeon (4/15)
 Temple: D:4-7

Altars:

Annotations:
D:4 Ijyb, Menkaure


Innate Abilities, Weirdness & Mutations

You may emit foul miasma when damaged in melee.
You sometimes gain a little power by taking damage.
You are immune to rotting.


Message History

You bump into the rock wall.
Menkaure calls on the powers of darkness!
Your body is wracked with pain!
* * * LOW HITPOINT WARNING * * *
Ijyb convulses!
The orc convulses!
The adder skeleton bites you but does no damage.
You bump into the rock wall.
You feel less confused.
Ijyb hits Menkaure.
You block the adder skeleton's attack.
You whack the adder skeleton!
You destroy the adder skeleton!
Ijyb barely misses Menkaure.
Menkaure calls on the powers of darkness!
Your body is wracked with pain!
* * * LOW HITPOINT WARNING * * *
Ijyb convulses!
Ijyb barely misses Menkaure.
Ijyb hits herself but does no damage.
The orc hits Menkaure with a cursed +0 short sword.
Menkaure hits you!
You die...

▒············
▒············ ·
▒············ ··
▒·······)···· ···
▒············ ····
▒▒············ ·····
▒·········▒▒▒▒
·····o▒▒▒▒▒·········▒
·
······M@··'··········
·
·····g▒▒▒▒▒·········▒
· ····· ▒▒▒▒▒▒·····
·· ▒▒▒· ▒···· ·· ▒
··· ·· ·· ·· ·· ··


You could see Ijyb (confused), Menkaure (fast) and an orc (confused).

Vanquished Creatures
  A swamp drake (D:4)
  An ogre (D:4)
  A hound (D:4)
  2 orc priests (D:3)
  Crazy Yiuf (D:3)
  A worker ant (D:2)
  3 adders
  2 adder skeletons (D:4)
  2 worms (D:2)
  A dart slug (D:2)
  4 leopard geckos
  9 orcs
  6 bats
  A giant cockroach (D:1)
  9 goblins
  7 hobgoblins
  6 jackals
  A quokka (D:3)
  A ball python (D:2)
  6 frilled lizards
  5 kobolds
  8 rats
78 creatures vanquished.

Vanquished Creatures (others)
  An orc (D:4)
1 creature vanquished.

Grand Total: 79 creatures vanquished

Notes
Turn   | Place    | Note
-------+----------+-------------------------------------------
     0 | D:1      | Azzok the Demonspawn Fighter began the quest for the Orb.
     0 | D:1      | Reached XP level 1. HP: 18/18 MP: 1/1
    64 | D:1      | Gained mutation: You are immune to rotting. [demonic
                  | ancestry]
    64 | D:1      | Reached XP level 2. HP: 4/24 MP: 2/2
    67 | D:1      | HP: 1/24 [jackal (1)]
  1021 | D:2      | Gained mutation: You may emit foul miasma when damaged in
                  | melee. [demonic ancestry]
  1021 | D:2      | Reached XP level 3. HP: 7/30 MP: 3/3
  1563 | D:2      | Reached XP level 4. HP: 32/37 MP: 4/4
  2462 | D:3      | Reached XP level 5. HP: 43/43 MP: 5/5
  2647 | D:3      | Found a runed translucent door.
  2648 | D:3      | Noticed Crazy Yiuf
  2782 | D:3      | Killed Crazy Yiuf
  2905 | D:4      | Reached skill level 5 in Fighting
  3093 | D:4      | Noticed an ogre
  3106 | D:4      | Killed an ogre
  3106 | D:4      | Gained mutation: You sometimes gain a little power by
                  | taking damage. [demonic ancestry]
  3106 | D:4      | Reached XP level 6. HP: 51/51 MP: 6/6
  3230 | D:4      | Noticed Ijyb
  3233 | D:4      | Noticed Menkaure
  3242 | D:4      | Noticed a swamp drake
  3253 | D:4      | Killed a swamp drake
  3253 | D:4      | Reached skill level 5 in Shields
  3259 | D:4      | Slain by Menkaure

Illustrated notes

Levels and vault maps discovered:
D:1:      kennysheep_arrival_forest, layout_rooms, chequers_garden
D:2:      layout_loops_corners, minmay_unequal
D:3:      layout_basic, uniq_crazy_yiuf_cottage
D:4:      layout_basic, ebering_ghost_sewer_f, portal_sewer_entry_b,
          uniq_menkaure, uniq_ijyb

Skill      XL: |  1  2  3  4  5  6 |
---------------+-------------------+-----
Shields        | 3 4 5 |  5.1
Fighting       | 4 5 |  5.6
Axes           | |  1.7
Armour         | |  2.6

Action                   |  1- 3 |  4- 6 || total
-------------------------+-------+-------++-------
Melee: War axe           |    79 |       ||    79
       Whip              |    16 |   161 ||   177
  Use: Scroll            |       |     8 ||     8
 Stab: Invisible         |       |     2 ||     2
Armor: Scale mail        |    43 |    29 ||    72
       Chain mail        |       |    20 ||    20
Dodge: Dodged            |    27 |    30 ||    57
Block: Kite shield       |    59 |    61 ||   120

Table legend: (Time is in decaauts)
 A = Elapsed time spent in this place.
 B = Non-inter-level travel time spent in this place.
 C = Inter-level travel time spent in this place.
 D = Time resting spent in this place.
 E = Time spent auto-exploring this place.
 F = Levels seen in this place.
 G = Mean time per level.
                   A        B        C        D        E       F      G
               +--------+--------+--------+--------+--------+-----+--------+
         Total |   3320 |   3192 |    128 |    691 |   1857 |   4 |  830.0 |
       Dungeon |   3320 |   3192 |    128 |    691 |   1857 |   4 |  830.0 |
               +--------+--------+--------+--------+--------+-----+--------+

Top non-repeatable levels by time:
     D:2: 1249 daAuts
     D:1: 914 daAuts
     D:3: 727 daAuts
     D:4: 428 daAuts
